 Dungeon Crawl Stone Soup version 0.26-a0-317-ge2f3d4a7ca (webtiles) character file.

Game seed: 8597548562895567757

146 BritishOli the Skirmisher (level 5, 0/42 HPs)
             Began as a Demonspawn Fighter on July 16, 2020.
             Succumbed to an orc warrior's poison
             ... on level 3 of the Dungeon.
             The game lasted 00:02:35 (3726 turns).

BritishOli the Skirmisher (Demonspawn Fighter)      Turns: 3726, Time: 00:02:36

Health: 0/42       AC: 12    Str: 18    XL:     5   Next: 7%
Magic:  0/5        EV:  7    Int:  9    God:
Gold:   197        SH:  9    Dex: 12    Spells: 4/4 levels left

rFire    . . .     SeeInvis .   a - +0 long sword
rCold    + . .     Faith    .   c - +0 kite shield
rNeg     . . .     Spirit   +   b - +0 scale mail
rPois    .         Reflect  .   (no helmet)
rElec    .         Harm     .   o - +1 cloak
rCorr    .                      (no gloves)
MR       .....                  (no boots)
Stlth    ..........             (no amulet)
HPRegen  0.14/turn              (no ring)
MPRegen  0.09/turn              y - ring of protection from cold

@: lethally poisoned (0 -> -11)
A: icy blue scales 2, magic shield
a: no special abilities


You were on level 3 of the Dungeon.
You visited 1 branch of the dungeon, and saw 4 of its levels.

You collected 197 gold pieces.

Inventory:

Hand Weapons
 a - a +0 long sword (weapon)
Missiles
 i - 2 silver javelins (quivered)
Armour
 b - a +0 scale mail (worn)
 c - a +0 kite shield (worn)
 o - a +1 cloak (worn)
Jewellery
 y - a ring of protection from cold (right hand)
Scrolls
 e - a scroll of remove curse
 g - 2 scrolls of enchant weapon {unknown}
 j - a scroll of noise {unknown}
 k - 4 scrolls of amnesia {unknown}
 m - 3 scrolls of identify {unknown}
 s - a scroll of fear {unknown}
 t - a scroll of magic mapping {unknown}
 u - 3 scrolls of fog {unknown}
 w - a scroll of blinking {unknown}
Potions
 d - a potion of might
 f - a potion of heal wounds
 h - 2 potions of brilliance
 l - a potion of curing
 n - a potion of magic {unknown}
 p - a potion of invisibility {unknown}
 q - 3 potions of flight {unknown}
 r - a potion of degeneration {unknown}
 x - a potion of stabbing {unknown}
 z - a potion of lignification {unknown}


   Skills:
 + Level 3.8 Fighting
 + Level 2.8 Long Blades
 + Level 3.4 Armour
 + Level 3.5 Shields


You had 4 spell levels left.
You didn't know any spells.
Your spell library was empty.

Dungeon Overview and Level Annotations

Branches:
Dungeon (4/15)
 Temple: D:4-7

Altars:
Ashenzari
Qazlal
Sif Muna
Trog
Wu Jian
Xom
Yredelemnul
The Shining One


Innate Abilities, Weirdness & Mutations

You are mostly covered in icy blue scales. (AC +3)
When hurt, damage is shared between your health and your magic reserves.


Message History

There is a stone staircase leading down here.
You hit the ogre.
The ogre is lightly wounded.
You feel sick. You block the ogre's attack.
You barely miss the ogre.
The ogre is lightly wounded.
You feel sick.
The ogre hits you with a cursed -1 giant club.
You hit the ogre.
The ogre is moderately wounded.
You feel sick.
The ogre hits you with a cursed -1 giant club!!
* * * LOW HITPOINT WARNING * * *
You hit the ogre but do no damage.
The ogre is moderately wounded.
* * * LOW HITPOINT WARNING * * *
You feel sick. The ogre hits you but does no damage.
You closely miss the ogre.
The ogre is moderately wounded.
You die...

# # #### #... #.## #.##
########### #.##
..........############### #.##
...............O@.......# #.##
..........#############.######.##
############.........##...(..#.##
#.#######.#######.#.##
##########.#..........)...)....
#.......##.#.#####.######.##.##
##.......##.#........<).......##
##.#.#.#........###########.#####
#................................


You could see an ogre.

Vanquished Creatures
  A jelly (D:4)
  An orc wizard (D:3)
  An adder (D:2)
  An ooze (D:3)
  A dart slug (D:1)
  6 leopard geckos
  5 orcs
  A ball python (D:1)
  8 bats
  3 giant cockroaches
  6 hobgoblins
  2 jackals (D:1)
  7 frilled lizards
  8 goblins
  6 kobolds
  7 rats
64 creatures vanquished.

Notes
Turn   | Place    | Note
-------+----------+-------------------------------------------
     0 | D:1      | BritishOli the Demonspawn Fighter began the quest for the
                  | Orb.
     0 | D:1      | Reached XP level 1. HP: 18/18 MP: 1/1
   199 | D:1      | Gained mutation: You are partially covered in icy blue
                  | scales. (AC +2) [demonic ancestry]
   199 | D:1      | Reached XP level 2. HP: 24/24 MP: 2/2
  1382 | D:2      | Reached XP level 3. HP: 29/29 MP: 3/3
  1543 | D:2      | Found a bloodstained altar of Trog.
  1716 | D:2      | Found a shattered altar of Ashenzari.
  1720 | D:2      | Found a glowing golden altar of the Shining One.
  1722 | D:2      | Found a basalt altar of Yredelemnul.
  1722 | D:2      | Found a shimmering altar of Xom.
  1723 | D:2      | Found a stormy altar of Qazlal.
  1729 | D:2      | Found an ornate altar of the Wu Jian Council.
  1730 | D:2      | Found a shimmering blue altar of Sif Muna.
  2430 | D:3      | Gained mutation: When hurt, damage is shared between your
                  | health and your magic reserves. [demonic ancestry]
  2430 | D:3      | Reached XP level 4. HP: 21/36 MP: 4/4
  3455 | D:4      | Gained mutation: You are mostly covered in icy blue scales.
                  | (AC +3) [demonic ancestry]
  3455 | D:4      | Reached XP level 5. HP: 32/42 MP: 5/5
  3469 | D:4      | Noticed an orc warrior
  3472 | D:4      | Noticed an ogre
  3473 | D:4      | Noticed an ogre
  3725 | D:3      | HP: 2/42 [poisoned by an orc warrior]
  3726 | D:3      | Succumbed to an orc warrior's poison

Illustrated notes

Levels and vault maps discovered:
D:1:      minmay_arrival_glassed_features, layout_basic
D:2:      layout_loops_ring, minitemple, trog_butcher_becter
D:3:      layout_basic, serial_corexii_hall, corexii_hall_statues_u,
          chequers_hall_statues_corner_a, corexii_hall_statues_i,
          corexii_hall_statues_l, st_stairs_8
D:4:      layout_rooms

Skill      XL: |  1  2 |
---------------+-------+-----
Long Blades    | 2 |  2.8
Shields        | 3 |  3.5
Armour         | 3 |  3.4
Fighting       | |  3.8

Action                   |  1- 3 |  4- 6 || total
-------------------------+-------+-------++-------
Melee: Long sword        |   176 |    72 ||   248
  Use: Scroll            |       |     1 ||     1
       Potion            |       |     3 ||     3
Armor: Scale mail        |    81 |    39 ||   120
Dodge: Dodged            |    44 |    24 ||    68
Block: Kite shield       |    87 |    46 ||   133
       Rpst.: Long sword |     7 |     5 ||    12

Table legend:
 A = Non-vault XP
 B = Vault XP
 C = Vault XP percentage of total XP
 D = Non-vault monster count
 E = Vault monster count
 F = Vault count percentage of total count
                 A         B        C        D         E       F
            +---------+---------+-------+---------+---------+-------
      Total |     197 |      12 |   5.7 |      59 |       5 |   7.8
            +---------+---------+-------+---------+---------+-------
        D:1 |      40 |       0 |   0.0 |      23 |       0 |   0.0
        D:2 |      32 |      10 |  23.8 |      14 |       4 |  22.2
        D:3 |      83 |       2 |   2.4 |      21 |       1 |   4.5
        D:4 |      42 |       0 |   0.0 |       1 |       0 |   0.0
            +---------+---------+-------+---------+---------+-------
